 Dungeon Crawl Stone Soup version 0.24.0-123-gd5b16e6ec5 (webtiles) character file.

Game seed: 17628091127593892010, levelgen mode: deterministic

122801 Peloso the Peltast (level 16, -9/147 HPs)
             Began as a Minotaur Fighter on Jan 19, 2020.
             Was the Champion of Okawaru.
             Blown up by an orb spider (37 damage)
             ... with an orb of destruction
             ... on level 1 of the Spider Nest.
             The game lasted 01:30:27 (26348 turns).

Peloso the Peltast (Minotaur Fighter)              Turns: 26348, Time: 01:30:28

Health: -9/147     AC: 33    Str: 29    XL:     16   Next: 35%
Magic:  5/17       EV: 14    Int:  5    God:    Okawaru [******]
Gold:   2260       SH: 17    Dex: 17    Spells: 15/15 levels left

rFire    + . .     SeeInvis .   b - +4 scimitar (flame)
rCold    + . .     Gourm    .   c - +0 shield
rNeg     + . .     Faith    +   Q - +8 pearl dragon scales "Guto Qix" {+Blink rN+ Regen+ Str+3}
rPois    .         Spirit   .   (helmet restricted)
rElec    .         Reflect  .   y - scarf {rC+ rF+}
rCorr    .         Harm     .   T - +3 pair of gauntlets of War {Slay+5}
MR       +....                  p - +2 pair of boots {Fly}
Stlth    ..........             I - amulet of faith
HPRegen  0.74/turn              e - +5 ring of dexterity
MPRegen  0.15/turn              (no ring)

@: lethally poisoned (-9 -> -9), flying, very slightly contaminated
A: retaliatory headbutt, horns 2
a: Heroism, Finesse, Renounce Religion, Evoke Blink, Stop Flying


You were on level 1 of the Spider Nest.
You worshipped Okawaru.
Okawaru was exalted by your worship.
You were hungry.

You visited 4 branches of the dungeon, and saw 24 of its levels.
You also visited: Bailey and Gauntlet.

You collected 2980 gold pieces.
You spent 720 gold pieces at shops.

Inventory:

Hand Weapons
 a - the +4 falchion of Eternal Vigilance {venom, Dex+4}
   (You found it on level 13 of the Dungeon)

   It poisons the flesh of those it strikes.
   It affects your dexterity (+4).
 b - a +4 scimitar of flaming (weapon)
Armour
 c - a +0 shield (worn)
 p - a +2 pair of boots of flying (worn)
 y - a scarf of resistance (worn)
 M - the +1 pair of gloves "Orrem" {rPois rC+ rN+ rCorr}
   (You found it in a Gauntlet)

   It protects you from cold.
   It protects you from poison.
   It protects you from negative energy.
   It provides partial protection from all sources of acid and corrosion.
 Q - the +8 pearl dragon scales "Guto Qix" (worn) {+Blink rN+ Regen+ Str+3}
   (You took it off a minotaur in a Gauntlet)

   It affects your strength (+3).
   It protects you from negative energy.
   It lets you blink.
   It increases your rate of regeneration.
 T - the +3 pair of gauntlets of War (worn) {Slay+5}
   (Okawaru gifted it to you on level 4 of the Lair of Beasts)

   It affects your accuracy and damage with ranged weapons and melee attacks
   (+5).
Jewellery
 e - a +5 ring of dexterity (left hand)
 l - a +1 ring of protection {unknown}
 o - an uncursed ring of fire
 I - an amulet of faith (around neck)
 L - an uncursed amulet of the acrobat {unknown}
 X - an uncursed ring of fire
 Z - a +3 amulet of reflection
Scrolls
 g - 7 scrolls of magic mapping
 h - 2 scrolls of teleportation
 i - a scroll of enchant armour
 r - 3 scrolls of remove curse
 J - 2 scrolls of noise
Potions
 d - 3 potions of might
 j - 7 potions of heal wounds
 k - 3 potions of resistance
 m - 2 potions of ambrosia {unknown}
 n - a potion of invisibility
 q - 3 potions of flight
 s - a potion of berserk rage
 v - a potion of mutation
 z - 3 potions of haste
 G - 10 potions of curing
 U - 3 potions of agility
Comestibles
 f - 48 rations


   Skills:
 + Level 14.4 Fighting
 + Level 16.8 Long Blades
   Level 3.8 Axes
 + Level 15.6 Armour
 + Level 5.1 Dodging
 + Level 1.8 Stealth
 + Level 19.3 Shields
 + Level 1.9 Unarmed Combat
 + Level 3.7 Invocations
 + Level 2.4 Evocations


You had 15 spell levels left.
You didn't know any spells.
Your spell library contained the following spells:

 Spells                   Type           Power        Failure   Level  Hunger
 Animate Skeleton         Necr           N/A          69%         1    ##.....
 Apportation              Tloc           #.....       69%         1    ##.....
 Confusing Touch          Hex            #.....       69%         1    ##.....
 Corona                   Hex            #......      69%         1    ##.....
 Flame Tongue             Conj/Fire      #....        69%         1    ##.....
 Infusion                 Chrm           #...         69%         1    ##.....
 Magic Dart               Conj           #...         69%         1    ##.....
 Sandblast                Erth           #.....       69%         1    ##.....
 Summon Small Mammal      Summ           #...         69%         1    ##.....
 Blink                    Tloc           N/A          83%         2    ###....
 Call Imp                 Summ           #.......     83%         2    ###....
 Ensorcelled Hibernation  Hex/Ice        #.....       83%         2    ###....
 Passwall                 Tmut/Erth      #.......     83%         2    ###....
 Shroud of Golubria       Chrm/Tloc      #.....       83%         2    ###....
 Slow                     Hex            #.......     83%         2    ###....
 Throw Flame              Conj/Fire      #.....       83%         2    ###....
 Confuse                  Hex            #.......     96%         3    ####...
 Conjure Flame            Conj/Fire      #.......     96%         3    ####...
 Dazzling Spray           Conj/Hex       #.....       96%         3    ####...
 Gell's Gravitas          Tloc           #.........   96%         3    ####...
 Inner Flame              Hex/Fire       #.......     96%         3    ####...
 Mephitic Cloud           Conj/Pois/Air  #.......     96%         3    ####...
 Regeneration             Chrm/Necr      #.........   96%         3    ####...
 Stone Arrow              Conj/Erth      #.....       96%         3    ####...
 Tukima's Dance           Hex            #.......     96%         3    ####...
 Ice Form                 Ice/Tmut       #.......     100%        4    #####..
 Leda's Liquefaction      Hex/Erth       #.........   100%        4    #####..
 Petrify                  Tmut/Erth      #.......     100%        4    #####..
 Sticky Flame             Conj/Fire      #.......     100%        4    #####..
 Bolt of Magma            Conj/Fire/Erth #.........   100%        5    ######.
 Excruciating Wounds      Chrm/Necr      #.........   100%        5    ######.
 Fireball                 Conj/Fire      #.........   100%        5    ######.
 Iskenderun's Battlesphe  Conj/Chrm      #.......     100%        5    ######.
 Lee's Rapid Deconstruct  Erth           #.........   100%        5    ######.
 Metabolic Englaciation   Hex/Ice        #.........   100%        5    ######.
 Yara's Violent Unravell  Hex/Tmut       #.........   100%        5    ######.
 Bolt of Cold             Conj/Ice       #.........   100%        6    #######
 Deflect Missiles         Chrm/Air       #.........   100%        6    #######
 Freezing Cloud           Conj/Ice/Air   #.........   100%        6    #######
 Iron Shot                Conj/Erth      #.........   100%        6    #######
 Simulacrum               Ice/Necr       #.........   100%        6    #######
 Statue Form              Tmut/Erth      #........    100%        6    #######
 Shatter                  Erth           #.........   100%        9    #######


Dungeon Overview and Level Annotations

Branches:
Dungeon (15/15)            Temple (0/1) D:7            Lair (6/6) D:11
 Shoals (0/4) Lair:2       Spider (1/4) Lair:3        Slime (0/5) Lair:6
    Orc (2/2) D:12            Elf (0/3) Orc:2        Vaults (0/5) D:14
 Depths (0/5) D:15         Bailey (visited)         Gauntlet (visited)

Altars:
Ashenzari
Dithmenos
Gozag
Makhleb
Okawaru
Trog
Uskayaw
Vehumet
Xom
Zin
The Shining One
Jiyva

Shops:
Orc:2 *=?:

Portals:
Trove: D:14 (give 17 potions of curing)

Annotations:
D:5 Prince Ribbit
D:12 1 runed translucent door, exclusion: orange crystal statue


Innate Abilities, Weirdness & Mutations

You reflexively headbutt those who attack you in melee.
You have a pair of horns on your head.


Message History

You see here 15 arrows.
You feel sick.
The jumping spider leaps!
You feel sick.
You block the jumping spider's attack. x2
You block the jumping spider's attack. x2
You feel sick.
The jumping spider leaps!
You feel sick.
The orb spider weaves a glowing orb of energy.
The jumping spider leaps!
An orb of destruction comes into view.
You feel sick.
There is a stone staircase leading down here.
The orb spider spins a strand of pure energy.
The jumping spider leaps!
You feel sick.
The jumping spider leaps!
Things that are here:
a +0 war axe; a +0 robe The jumping spider leaps!
The orb of destruction hits you!!!
You die...

#### ### #.... ###....
#....# ##.#.....
#.....######.........
#......#.##..........
#........#..........
#.......@.........#
#....##s☼).○..#..#
#....#..○.....#.#
#......○........#
#......○....°)^.#
##.....○...#....##
#......°...^.#...######
#.....○#...†.......#..###
#............#....#.....#


You could see a jumping spider.

Vanquished Creatures
  Rupert (D:15)
  Kirke (Lair:4)
  A ghost moth (Spider:1)
  A minotaur (Gauntlet)
  Josephine (Lair:6)
  A death ooze (Gauntlet)
  Fannar (Lair:2)
  Erolcha (D:13)
  2 vault guards (D:14)
  An ice dragon (Lair:2)
  8 hydras
  3 death knights (D:15)
  2 centaur warriors (D:15)
  23 two-headed ogres
  5 ogre magi
  The ghost of Haraddelas the Transmogrifier, a journeyman OpTm of Okawaru (Lair:2)
  2 death yaks (Lair:3)
  Urug (Lair:5)
  Nergalle (Lair:4)
  Sonja (Lair:2)
  A fire crab (shapeshifter) (D:14)
  2 skeletal warriors (D:15)
  A deep troll (D:14)
  An unseen horror (D:15)
  3 wizards
  Pikel (D:5)
  A wolf spider zombie (D:15)
  A harpy (shapeshifter) (Gauntlet)
  3 orc knights
  4 lindwurms (Lair:2)
  An orb spider (Spider:1)
  4 wolf spiders
  A deep elf mage (D:13)
  A necromancer (D:14)
  An orc sorcerer (D:15)
  7 ugly things
  7 cyclopes
  5 elephants (Lair:6)
  A guardian serpent (Lair:6)
  2 merfolk sirens (Lair:2)
  13 black mambas
  A naga mage (D:15)
  The ghost of Neles the Charmwright, a novice GnSk (D:6)
  A gargoyle (D:13)
  2 centaur skeletons
  2 torpor snails
  6 rime drakes
  11 spiny frogs
  A kobold demonologist (D:13)
  An efreet (D:13)
  2 freezing wraiths (D:15)
  4 komodo dragons
  A yaktaur (shapeshifter) (D:14)
  A tengu conjurer (D:13)
  2 jumping spiders (Spider:1)
  6 meliai
  A queen bee (Spider:1)
  8 trolls
  4 hornets
  2 merfolk (Lair:2)
  12 slime creatures
  20 blink frogs
  A dream sheep (shapeshifter) (Gauntlet)
  5 hippogriffs
  3 redbacks
  A meliai zombie (D:14)
  A vampire (D:12)
  A tarantella (Lair:3)
  A spriggan (D:7)
  A shadow (D:12)
  3 water elementals
  5 wyverns (Lair:6)
  51 yaks
  6 basilisks
  A hungry ghost (D:13)
  8 wraiths
  6 hogs (Lair:4)
  22 humans (D:14)
  2 vampire mosquitoes (D:12)
  4 wargs
  A swamp worm (shapeshifter) (D:13)
  A soldier ant (D:11)
  An acid dragon (D:14)
  29 water moccasins
  6 porcupines
  22 orc warriors
  3 black bears
  A hornet zombie (D:9)
  2 eyes of draining
  2 ice beasts
  2 sky beasts
  A necrophage (D:15)
  7 wolves (Lair:3)
  An ogre (shapeshifter) (Gauntlet)
  32 ogres
  18 centaurs
  20 crocodiles
  20 bullfrogs
  A big kobold (D:8)
  A gnoll sergeant (D:11)
  A spiny frog simulacrum (Lair:2)
  5 scorpions
  2 blink frog simulacra (Lair:2)
  24 killer bees
  A killer bee (shapeshifter) (Gauntlet)
  3 wights (D:8)
  2 howler monkeys
  An electric eel (D:15)
  8 crimson imps
  3 hounds
  A bullfrog zombie (D:11)
  5 centaur zombies
  2 jellies
  19 orc wizards
  6 orc priests
  8 quasits
  A gnoll shaman (D:5)
  2 bullfrog skeletons
  Terence (D:3)
  4 iguanas
  10 worker ants
  A yak simulacrum (Lair:2)
  3 hound zombies
  A porcupine simulacrum (Lair:2)
  A howler monkey zombie (D:7)
  15 gnolls
  15 adders
  A shadow imp (D:14)
  An adder zombie (D:8)
  An adder skeleton (D:7)
  2 worms
  4 dart slugs
  5 leopard geckos
  73 orcs
  5 bats
  2 giant cockroaches
  9 hobgoblins
  11 jackals
  2 quokkas
  5 frilled lizards
  19 goblins
  A jackal skeleton (D:6)
  10 kobolds
  6 rats
  2 fungi
805 creatures vanquished.

Vanquished Creatures (others)
  A centaur warrior (D:14)
  An orb spider (Spider:1)
  A demonic crawler (Spider:1)
  A slave (D:5)
  A water moccasin (D:5)
  3 centaurs (D:14)
  A worker ant (D:13)
  2 orcs
  19 fungi
  15 plants
45 creatures vanquished.

Grand Total: 850 creatures vanquished

Notes
Turn   | Place    | Note
-------+----------+-------------------------------------------
     0 | D:1      | Peloso the Minotaur Fighter began the quest for the Orb.
     0 | D:1      | Reached XP level 1. HP: 19/19 MP: 0/0
    65 | D:1      | Reached XP level 2. HP: 24/27 MP: 1/1
   282 | D:1      | Reached skill level 4 in Shields
   555 | D:1      | Reached XP level 3. HP: 33/33 MP: 2/2
  1474 | D:3      | Found an iron altar of Okawaru.
  1482 | D:3      | Became a worshipper of Warmaster Okawaru
  1546 | D:3      | Noticed Terence
  1552 | D:3      | Killed Terence
  1552 | D:3      | Reached XP level 4. HP: 36/40 MP: 3/3
  1868 | D:3      | Found a shadowy altar of Dithmenos.
  2031 | D:3      | Noticed an ice beast
  2043 | D:3      | Killed an ice beast
  2043 | D:3      | Reached skill level 5 in Armour
  2043 | D:3      | Reached XP level 5. HP: 23/46 MP: 4/4
  2296 | D:4      | Reached skill level 5 in Long Blades
  2296 | D:4      | Reached XP level 6. HP: 19/53 MP: 5/5
  2307 | D:4      | Reached * piety under Okawaru
  2307 | D:4      | Reached skill level 5 in Shields
  2563 | D:4      | Reached skill level 1 in Dodging
  3159 | D:4      | Reached XP level 7. HP: 19/60 MP: 6/6
  3850 | D:5      | Entered Level 5 of the Dungeon
  3890 | D:5      | Noticed Pikel
  3923 | D:5      | Killed Pikel
  3923 | D:5      | Reached ** piety under Okawaru
  3923 | D:5      | Reached skill level 5 in Fighting
  3923 | D:5      | Reached skill level 6 in Shields
  3923 | D:5      | Reached XP level 8. HP: 65/68 MP: 7/7
  4034 | D:5      | Reached skill level 1 in Stealth
  4534 | D:5      | Reached skill level 7 in Shields
  4666 | D:5      | Noticed Prince Ribbit
  5152 | D:6      | Found a transporter.
  5159 | D:6      | Found a transporter.
  5161 | D:6      | Noticed Neles's ghost (novice GnSk)
  5686 | D:7      | Reached XP level 9. HP: 46/74 MP: 8/8
  5802 | D:7      | Found a staircase to the Ecumenical Temple.
  6006 | D:7      | Found a bloodstained altar of Trog.
  6063 | D:7      | Reached *** piety under Okawaru
  6094 | D:7      | Found a glowing silver altar of Zin.
  6183 | D:7      | Reached skill level 10 in Long Blades
  6372 | D:7      | Reached skill level 8 in Shields
  6665 | D:8      | Found a radiant altar of Vehumet.
  6672 | D:8      | Found a glowing golden altar of the Shining One.
  6683 | D:8      | Found an opulent altar of Gozag.
  6726 | D:8      | Found a flagged portal.
  6735 | Bailey   | Entered a bailey
  6864 | Bailey   | Reached **** piety under Okawaru
  6983 | Bailey   | Noticed an orc knight
  7020 | Bailey   | Reached XP level 10. HP: 77/84 MP: 5/9
  7029 | Bailey   | Killed an orc knight
  7029 | Bailey   | Reached skill level 1 in Evocations
  7068 | Bailey   | Noticed an orc knight
  7141 | Bailey   | Killed an orc knight
  7141 | Bailey   | Reached skill level 9 in Shields
  7831 | D:9      | Reached skill level 1 in Invocations
  8299 | D:9      | Found a shimmering altar of Xom.
  8305 | D:9      | Found a hide-covered altar of Uskayaw.
  8332 | D:9      | Found an opulent altar of Gozag.
  8358 | D:9      | Reached ***** piety under Okawaru
  8422 | D:9      | Reached skill level 10 in Shields
  8890 | D:10     | Entered Level 10 of the Dungeon
  8890 | D:10     | Noticed a two-headed ogre
  8896 | D:10     | Killed a two-headed ogre
  8896 | D:10     | Reached skill level 10 in Armour
  8896 | D:10     | Reached XP level 11. HP: 87/92 MP: 11/11
  9735 | D:6      | Killed Neles's ghost
  9848 | D:11     | Noticed a white ugly thing
  9868 | D:10     | Killed a white ugly thing
 10196 | D:10     | Received a gift from Okawaru
 10354 | D:11     | Reached skill level 11 in Shields
 10563 | D:11     | Noticed a cyan ugly thing
 10584 | D:10     | Killed a cyan ugly thing
 10977 | D:11     | Found a staircase to the Lair.
 11397 | D:11     | Received a gift from Okawaru
 11408 | D:11     | Got a polished triple sword {god gift}
 11411 | D:11     | Identified the +4 triple sword of the New World {slice,
                  | rElec} (Okawaru gifted it to you on level 11 of the
                  | Dungeon)
 11719 | D:12     | Noticed a green ugly thing
 11743 | D:12     | Killed a green ugly thing
 11968 | D:12     | Reached skill level 12 in Shields
 11968 | D:12     | Reached XP level 12. HP: 90/103 MP: 12/12
 12468 | D:12     | Found a staircase to the Orcish Mines.
 12640 | D:12     | Found a runed translucent door.
 12710 | D:12     | Reached ****** piety under Okawaru
 12939 | Lair:1   | Entered Level 1 of the Lair of Beasts
 13149 | Lair:1   | Received a gift from Okawaru
 13393 | Lair:1   | You are sucked into a shaft and drop 1 floor!
 13425 | Lair:2   | Noticed Fannar
 13481 | Lair:2   | Killed Fannar
 13494 | Lair:2   | Identified a scroll of acquirement
 13513 | Lair:2   | Reached skill level 10 in Fighting
 13526 | Lair:2   | Noticed Sonja
 13529 | Lair:2   | Killed Sonja
 13853 | Lair:2   | Found a staircase to the Shoals.
 13884 | Lair:2   | Reached skill level 13 in Shields
 14308 | Lair:2   | Noticed an ice dragon
 14317 | Lair:2   | Found a runed translucent gate.
 14317 | Lair:2   | Found a runed translucent gate.
 14317 | Lair:2   | Found a runed translucent gate.
 14531 | Lair:3   | Reached XP level 13. HP: 114/114 MP: 14/14
 14539 | Lair:3   | Received a gift from Okawaru
 14611 | Lair:3   | Found a hole to the Spider Nest.
 15577 | Lair:2   | Reached skill level 14 in Shields
 15970 | Lair:4   | Noticed Kirke
 16079 | Lair:4   | Reached skill level 1 in Unarmed Combat
 16213 | Lair:4   | Noticed Nergalle
 16232 | Lair:4   | Killed Nergalle
 16373 | Lair:4   | Reached skill level 1 in Axes
 16540 | Lair:4   | Found the +8 whip "Snakebite" {curare, rPois}
 16721 | Lair:4   | Killed Kirke
 16721 | Lair:4   | Received a gift from Okawaru
 16722 | Lair:4   | Found the +3 pair of gauntlets of War {Slay+5}
 16940 | Lair:5   | Noticed Urug
 16952 | Lair:5   | Killed Urug
 17754 | Lair:5   | Found a runed translucent door.
 18148 | D:12     | Reached skill level 15 in Shields
 18453 | D:13     | Got a transparent falchion
 18454 | D:13     | Identified the +4 falchion of Eternal Vigilance {venom,
                  | Dex+4} (You found it on level 13 of the Dungeon)
 18784 | D:13     | Reached skill level 15 in Long Blades
 19045 | D:13     | Reached XP level 14. HP: 124/124 MP: 15/15
 19188 | D:13     | Noticed Erolcha
 19194 | D:13     | Killed Erolcha
 19229 | D:14     | Found a portal to a secret trove of treasure.
 19833 | D:14     | Found a shattered altar of Ashenzari.
 20014 | D:14     | Reached skill level 16 in Shields
 20045 | D:14     | Received a gift from Okawaru
 20105 | D:14     | Found a gate to the Vaults.
 20626 | Orc:1    | Entered Level 1 of the Orcish Mines
 20740 | Orc:1    | Found a burning altar of Makhleb.
 20795 | Orc:2    | Entered Level 2 of the Orcish Mines
 20921 | Orc:2    | Found a staircase to the Elven Halls.
 20998 | Orc:2    | Received a gift from Okawaru
 21026 | Orc:2    | Reached skill level 17 in Shields
 21332 | Orc:2    | Reached XP level 15. HP: 134/134 MP: 16/16
 21782 | Orc:2    | Found Qoevvur's Book Shop.
 21782 | Orc:2    | Found Gaqo's Jewellery Emporium.
 21783 | Orc:2    | Found Katiwunk's Magic Scroll Emporium.
 21783 | Orc:2    | Found Qehatt's General Store.
 21793 | Orc:2    | Bought an uncursed amulet of faith for 720 gold pieces
 22595 | D:15     | Entered Level 15 of the Dungeon
 22710 | D:15     | Reached skill level 15 in Armour
 22717 | D:15     | Found a gate leading to a gauntlet.
 22729 | Gauntlet | Entered a Gauntlet
 22729 | Gauntlet | Found a large runed translucent door.
 22729 | Gauntlet | Found a large runed translucent door.
 22729 | Gauntlet | Found a large runed translucent door.
 22729 | Gauntlet | Found a large runed translucent door.
 22729 | Gauntlet | Found a large runed translucent door.
 22729 | Gauntlet | Found a large runed translucent door.
 22729 | Gauntlet | Found a large runed translucent door.
 22729 | Gauntlet | Found a large runed translucent door.
 22729 | Gauntlet | Found a runed translucent door.
 22729 | Gauntlet | Found a runed translucent gate.
 22729 | Gauntlet | Found a transporter.
 22729 | Gauntlet | Found a transporter.
 22729 | Gauntlet | Found a runed translucent gate.
 22729 | Gauntlet | Found a transporter.
 22732 | Gauntlet | Found a transporter.
 22734 | Gauntlet | Found a transporter.
 22749 | Gauntlet | Found the +0 pair of fencer's gloves {Riposte Dex+3}
 22751 | Gauntlet | Found a transporter.
 22753 | Gauntlet | Found a transporter.
 22768 | Gauntlet | Found a transporter.
 22768 | Gauntlet | Found a transporter.
 22848 | Gauntlet | Found a runed translucent door.
 22849 | Gauntlet | Found a large runed translucent door.
 22849 | Gauntlet | Found a large runed translucent door.
 22849 | Gauntlet | Found a large runed translucent door.
 22849 | Gauntlet | Found a large runed translucent door.
 22850 | Gauntlet | Found a large runed translucent door.
 22850 | Gauntlet | Found a large runed translucent door.
 22851 | Gauntlet | Found a large runed translucent door.
 22851 | Gauntlet | Found a large runed translucent door.
 22860 | Gauntlet | Found a runed translucent gate.
 22866 | Gauntlet | Found a transporter.
 22881 | Gauntlet | Found a transporter.
 22885 | Gauntlet | Found a transporter.
 22990 | Gauntlet | Got a pair of fine gloves
 23001 | Gauntlet | Identified the +1 pair of gloves "Orrem" {rPois rC+ rN+
                  | rCorr} (You found it in a Gauntlet)
 23046 | Gauntlet | Got a warped cloak
 23057 | Gauntlet | Identified the +0 cloak of Fun and Games {+Fly rCorr Str-2
                  | Stlth+} (You found it in a Gauntlet)
 23138 | Gauntlet | Identified the +8 pearl dragon scales "Guto Qix" {+Blink
                  | rN+ Regen+ Str+3}
 23148 | Gauntlet | Received a gift from Okawaru
 23169 | Gauntlet | Identified Sif Muna's Incunabulum of the Frostbite
 23172 | Gauntlet | Identified Routuaf's Guide on Boosts
 23602 | D:15     | Reached skill level 18 in Shields
 23658 | D:15     | Received a gift from Okawaru
 23661 | D:15     | Got a crystal battleaxe {god gift}
 23882 | D:15     | Noticed Rupert
 23885 | D:15     | Paralysed by Rupert for 5 turns
 23896 | D:15     | Killed Rupert
 23957 | D:15     | Found a staircase to the Depths.
 24274 | Lair:1   | Identified the +5 battleaxe of the Tiger {venom, rElec rC+
                  | MR+ Dex+4} (Okawaru gifted it to you on level 15 of the
                  | Dungeon)
 24447 | Lair:6   | Entered Level 6 of the Lair of Beasts
 24482 | Lair:6   | Received a gift from Okawaru
 24484 | Lair:6   | Noticed Josephine
 24497 | Lair:6   | Killed Josephine
 24607 | Lair:6   | Found a staircase to the Slime Pits.
 24607 | Lair:6   | Found a viscous altar of Jiyva.
 24701 | Lair:6   | Reached XP level 16. HP: 135/146 MP: 17/17
 25166 | Lair:6   | Reached skill level 19 in Shields
 25818 | Lair:2   | Noticed Haraddelas's ghost (journeyman OpTm)
 25824 | Lair:2   | Killed Haraddelas's ghost
 25920 | Spider:1 | Entered Level 1 of the Spider Nest
 26311 | Spider:1 | Reached skill level 5 in Dodging
 26348 | Spider:1 | Blown up by an orb spider

Levels and vault maps discovered:
D:1:      psy_arrival_statuary, layout_basic
D:2:      layout_loops_ring
D:3:      layout_loops_corners, okawaru_gym_becter, grunt_dithmenos_smoke,
          uniq_terence
D:4:      layout_basic
D:5:      layout_basic, first_ration, minmay_misc_feat_encased,
          kennysheep_cluttered_room, dk_noncrumbling_3,
          minmay_misc_feat_diagonals, uniq_prince_ribbit1, uniq_pikel
D:6:      layout_gridville, gammafunk_ghost_stat_death, minmay_ogre_servants
D:7:      layout_loops_ring, zin_statuary, kennysheep_mini,
          minmay_temple_entry_grid, the_bakery, minmay_puff
D:8:      layout_rooms, minmay_overflow_temple_star_quad, enter_bailey_8
D:9:      layout_stronghold, chequers_temple_overflow_statue_of_worship,
          grunt_gozag_breadcrumbs
D:10:     layout_roguey
D:11:     layout_big_octagon, minmay_lair_entry_grove
D:12:     layout_cave_pods, erik_orc_2, minmay_crystal_box
D:13:     layout_loops_ring, uniq_erolcha
D:14:     minmay_distorted_concentric_squares, layout_cave_pools,
          grunt_vaults_entry_tiered, enter_trove_0, evilmike_ruin_ashenzari
D:15:     grunt_enter_depths_magical_seal, layout_loops_ring,
          gauntlet_entry_generic, serial_bayou_ford_a, uniq_rupert
Lair:1:   layout_big_grid, serial_bayou_shore_a
Lair:2:   layout_long_grid, elwin_shoals_entry_stream, gammafunk_ghost_icy,
          minmay_lindwurm_lava, lemuel_fruit_tree, uniq_fannar, uniq_sonja
Lair:3:   layout_cave_shapes, spider_nest_entry_webs, infiniplex_staircase_pool,
          grunt_megastairs_3, serial_bayou_shore_b
Lair:4:   minmay_guarded_unrand_snakebite, layout_misc_corridors, st_stairs_3,
          uniq_kirke, uniq_nergalle
Lair:5:   layout_roguey, pf_torpor_hydra, grunt_megastairs_5, uniq_urug
Lair:6:   hangedman_lair_tendril_chambers, layout_loops_ring, slime_altar_1,
          uniq_josephine
Spider:1: layout_spider_delve, special_room [special_room_bee]
Orc:1:    layout_caves, basic_altar
Orc:2:    st_orc_ogre_mass, layout_diamond_mine, nicolae_orc_lava_room

Skill      XL: |  1  2  3  4  5  6  7  8  9 10 11 12 13 14 15 16 |
---------------+-------------------------------------------------+-----
Armour         | 4 5 6 7 8 10 11 13 14 15 | 15.6
Shields        | 4 5 6 7 8 10 12 13 15 17 18 19 | 19.3
Long Blades    | 3 4 5 6 9 11 12 13 14 15 16 | 16.8
Fighting       | 4 5 6 7 8 10 11 12 14 | 14.4
Dodging        | 1 2 3 4 5 |  5.1
Stealth        | 1 |  1.8
Evocations     | 2 |  2.4
Invocations    | 1 2 3 |  3.7
Unarmed Combat | 1 |  1.9
Axes           | 3 |  3.8

Action                   |  1- 3 |  4- 6 |  7- 9 | 10-12 | 13-15 | 16-18 || total
-------------------------+-------+-------+-------+-------+-------+-------++-------
Melee: Long sword        |    84 |   106 |   319 |  1034 |   398 |       ||  1941
       Headbutt          |    22 |    23 |    88 |   337 |   374 |    63 ||   907
       Falchion          |       |       |       |       |    95 |       ||    95
       Unarmed           |       |       |       |       |    22 |       ||    22
       War axe           |       |       |       |       |    15 |       ||    15
       Scimitar          |       |       |       |       |   617 |   175 ||   792
Invok: Heroism           |       |       |     7 |    11 |    18 |       ||    36
Evoke: Wand              |       |       |    15 |    15 |       |       ||    30
  Use: Potion            |     4 |     1 |     1 |     3 |     1 |     2 ||    12
       Scroll            |     1 |       |    13 |     5 |    15 |     2 ||    36
  Eat: Chunk             |     2 |     5 |    13 |    21 |    40 |     5 ||    86
       Ration            |       |       |       |     1 |     1 |       ||     2
Armor: Scale mail        |    26 |       |       |       |       |       ||    26
       Chain mail        |     8 |    75 |   138 |    11 |       |       ||   232
       Crystal plate arm |       |       |       |   602 |   504 |       ||  1106
       Pearl dragon scal |       |       |       |       |    71 |   144 ||   215
Dodge: Dodged            |    21 |    20 |   101 |   262 |   278 |   109 ||   791
Block: Shield            |    35 |    54 |   219 |   759 |  1000 |   218 ||  2285
       Reflection        |       |       |       |       |    24 |       ||    24
       Rpst.: Long sword |     5 |     8 |    21 |    63 |    27 |       ||   124
       Scimitar          |       |       |       |       |    35 |    27 ||    62
       Falchion          |       |       |       |       |     1 |       ||     1
